 Dungeon Crawl Stone Soup version 0.19-a0-1851-g3228ea0 (webtiles) character file.

35125 kae the Fencer (level 14, -1/116 HPs)
             Began as a Formicid Fighter on Oct 10, 2016.
             Was a High Priest of Okawaru.
             Slain by Rupert
             ... wielding a +3 battleaxe of chopping
              (4 damage)
             ... on level 4 of the Lair of Beasts.
             The game lasted 00:25:46 (18293 turns).

kae the Fencer (Formicid Fighter)                  Turns: 18293, Time: 00:25:47

Health: -1/116     AC: 11    Str: 25    XL:     14   Next: 16%
Magic:  19/21      EV: 12    Int:  9    God:    Okawaru [*****.]
Gold:   1663       SH: 14    Dex: 10    Spells: 0 memorised, 13 levels left

rFire  . . .     SeeInvis +     a - +0 great sword (elec)
rCold  . . .     Gourm    .     v - +0 scale mail
rNeg   . . .     Faith    .     c - +0 shield
rPois  .         Spirit   .     (helmet unavailable)
rElec  .         Dismiss  .     O - +1 cloak
rCorr  .         Reflect  .     (no gloves)
MR     +....     Harm     .     x - +0 pair of boots
Stlth  +.........               (no amulet)
                                s - +4 ring of slaying
                                P - ring of flight

@: heroism
A: permanent stasis, dig shafts and tunnels, four strong arms, antennae 3
a: Dig, Shaft Self, Heroism, Finesse, Renounce Religion, Evoke Flight


You were on level 4 of the Lair of Beasts.
You worshipped Okawaru.
Okawaru was extremely pleased with you.
You were not hungry.

You visited 3 branches of the dungeon, and saw 16 of its levels.
You also visited: Sewer and Bailey.

You collected 1663 gold pieces.

Inventory:

Hand Weapons
 a - a +0 great sword of electrocution (weapon)
 b - the +9 dire flail "Rummage" {venom, rC- MR+++ Str-4 SInv}
   (You found it on level 11 of the Dungeon)

   It poisons the flesh of those it strikes.
   It affects your strength (-4).
   It makes you vulnerable to cold.
   It affects your resistance to hostile enchantments.
   It lets you see invisible.
 V - a +1 long sword
 W - a +1 vampiric great sword
Armour
 c - a +0 shield (worn)
 v - a +0 scale mail (worn)
 x - a +0 pair of boots (worn)
 O - a +1 cloak (worn)
Jewellery
 h - a cursed ring of positive energy {unknown}
 j - an uncursed ring of positive energy {unknown}
 q - an uncursed ring of wizardry {unknown}
 s - a +4 ring of slaying (right hand)
 A - an uncursed ring of fire
 F - an uncursed amulet of dismissal {unknown}
 P - a ring of flight (left hand)
Wands
 y - a wand of random effects (18/48)
 G - a wand of iceblast (6/15)
 J - a wand of digging (13/24)
 Q - a wand of enslavement (19/24)
 Z - a wand of disintegration (6/24)
Scrolls
 d - a scroll of magic mapping
 e - 5 scrolls of immolation
 g - a scroll of enchant weapon
 p - 9 scrolls of remove curse
 u - 3 scrolls of fear
 D - 4 scrolls of amnesia
 H - a scroll of silence
 U - 3 scrolls of fog
Potions
 m - 5 potions of curing
 n - 4 potions of flight
 o - a potion of berserk rage {unknown}
 r - 2 potions of brilliance
 t - 4 potions of agility
 w - 2 potions of magic
 z - a potion of lignification
 C - 2 potions of cancellation
 E - a potion of mutation {unknown}
 M - a potion of haste {unknown}
 R - a potion of invisibility
Books
 k - a book of Conjurations

   Spells                             Type                      Level
   a - Magic Dart                     Conjuration                  1
   b - Searing Ray                    Conjuration                  2
   c - Dazzling Spray                 Conjuration/Hexes            3
   d - Fulminant Prism                Conjuration/Hexes            4
   e - Iskenderun's Mystic Blast      Conjuration                  4
   f - Iskenderun's Battlesphere      Conjuration/Charms           5
 B - a book of Clouds

   Spells                             Type                      Level
   a - Mephitic Cloud                 Conjuration/Poison/Air       3
   b - Conjure Flame                  Conjuration/Fire             3
   c - Poisonous Cloud                Conjuration/Poison/Air       6
   d - Freezing Cloud                 Conjuration/Ice/Air          6
   e - Ring of Flames                 Charms/Fire                  7
 I - Sif Muna's Reference Book on the Snowflakes
   (You found it on level 7 of the Dungeon)

   Spells                             Type                      Level
   a - Freeze                         Ice                          1
Miscellaneous
 K - a disc of storms
Comestibles
 f - 8 bread rations
 l - 10 meat rations
 L - 4 fruits
 N - 2 beef jerkies
 S - 2 chunks of flesh


   Skills:
 - Level 12.6(17.6) Fighting
 * Level 15.5(20.5) Long Blades
 - Level 5.4(10.4) Maces & Flails
 - Level 3.2(8.2) Armour
 - Level 10.0(15.0) Shields
 + Level 10.0 Invocations


You had 13 spell levels left.
You didn't know any spells.

Dungeon Overview and Level Annotations

Branches:
Dungeon (11/15)            Temple (1/1) D:6            Lair (4/6) D:11
  Swamp (0/4) Lair:3       Spider (0/4) Lair:2          Orc (0/2) D:9

Altars:
Ashenzari
Cheibriados
Dithmenos
Elyvilon
Fedhas
Gozag
Hepliaklqana
Kikubaaqudgha
Makhleb
Nemelex Xobeh
Okawaru
Qazlal
Ru
Sif Muna
Trog
Uskayaw
Vehumet
Xom
Yredelemnul
Zin
The Shining One

Annotations:
Lair:4 Rupert


Innate Abilities, Weirdness & Mutations

You are under a permanent stasis effect.
You can dig through walls and to a lower floor.
Your four strong arms can wield two-handed weapons with a shield.
You have a pair of large antennae on your head. (SInv)


Message History

Rupert roars madly and goes into a rage!
Rupert goes berserk!
You slice Rupert!!
Rupert is heavily wounded.
Rupert hits you with a battleaxe of chopping!!
You are too injured to fight recklessly!
You are too injured to fight recklessly!
You gain the combat prowess of a mighty hero.
You block Rupert's attack.
You slice Rupert!!
There is a sudden explosion of sparks!
Rupert is heavily wounded.
Rupert hits you with a battleaxe of chopping!
You hit Rupert but do no damage.
Rupert is heavily wounded.
Rupert hits you with a battleaxe of chopping!!
* * * LOW HITPOINT WARNING * * *
x2 You feel much better.
Rupert hits you with a battleaxe of chopping!!!
* * * LOW HITPOINT WARNING * * *
You die...

♣.♣♣
..≈≈≈≈≈≈≈≈..#.#..##
♣.♣
##..≈≈≈≈≈≈...##)...#
♣.♣ #
#..#..≈≈≈...##.#...#
♣.♣
...#.P.≈#≈#.#.#.##.(.#
♣.♣
..#./?..#..#.#.###P.##
♣.♣
....Y.Y.[{..........#
.♣♣
.......##{.##########
♣♣ .....###@### ##
...Y ##@# .# ... ###
## >. .# . ## .. .#.#
## #


You could see Rupert (berserk).

Vanquished Creatures
  Gastronok (D:8)
  Snorg (D:11)
  Josephine (Lair:4)
  3 hydras
  Pikel (D:8)
  3 hill giants
  An orc knight (Bailey)
  2 cyclopes (D:11)
  2 manticores
  Maurice (D:9)
  A black mamba (Lair:2)
  5 spiny frogs
  Psyche (D:8)
  2 rime drakes
  7 komodo dragons
  A polar bear (Lair:2)
  2 trolls (D:10)
  3 hornets (Lair:4)
  11 blink frogs
  A slime creature (D:10)
  9 hippogriffs
  4 wraiths
  A vampire (D:8)
  A wyvern (D:8)
  4 basilisks
  12 spriggans (Lair:4)
  25 yaks
  A hungry ghost (D:11)
  Menkaure (D:7)
  A mottled dragon (D:11)
  13 porcupines
  2 slaves (D:8)
  7 water moccasins
  6 orc warriors
  2 ice beasts
  3 black bears
  2 sky beasts
  2 phantoms
  A wolf (Lair:4)
  An eye of draining (D:9)
  3 boggarts (Lair:4)
  3 ogres
  5 centaurs
  9 crocodiles
  2 big kobolds
  4 bullfrogs
  A scorpion (D:7)
  3 wights (D:11)
  A water moccasin skeleton (D:7)
  4 killer bees (D:11)
  7 howler monkeys
  3 crimson imps
  Crazy Yiuf (D:6)
  A bullfrog skeleton (D:8)
  3 hounds
  An orc priest (D:9)
  6 orc wizards
  2 bullfrog zombies
  13 jellies
  2 centaur skeletons
  An iguana (D:7)
  6 worker ants
  A killer bee zombie (D:10)
  4 hound zombies
  4 worker ant zombies
  A gnoll (D:1)
  A howler monkey skeleton (D:4)
  A river rat (Sewer)
  10 adders
  4 shadow imps
  10 oozes (D:10)
  An adder zombie (D:8)
  3 worms
  A dart slug (D:1)
  6 leopard geckos
  23 orcs
  10 giant cockroaches
  12 goblins
  4 hobgoblins
  16 jackals
  33 kobolds
  4 quokkas
  A ball python (Sewer)
  4 bats
  3 frilled lizards
  7 rats
393 creatures vanquished.

Vanquished Creatures (collateral kills)
  A centaur warrior (D:8)
  A shadow imp (D:8)
2 creatures vanquished.

Vanquished Creatures (others)
  A wizard (D:4)
  2 slaves (D:8)
  A scorpion (D:8)
  A quokka (D:8)
  A quokka skeleton (D:8)
  14 fungi
  3 plants
23 creatures vanquished.

Grand Total: 418 creatures vanquished

Notes
Turn   | Place    | Note
-------+----------+-------------------------------------------
     0 | D:1      | kae the Formicid Fighter began the quest for the Orb.
     0 | D:1      | Reached XP level 1. HP: 18/18 MP: 1/1
    95 | D:1      | Reached XP level 2. HP: 22/24 MP: 2/2
   392 | D:1      | Reached XP level 3. HP: 25/29 MP: 3/3
   548 | D:1      | Reached skill level 3 in Long Blades
   824 | D:1      | Reached XP level 4. HP: 25/37 MP: 4/4
  1497 | D:2      | Found a shattered altar of Ashenzari.
  2091 | D:2      | Found a shadowy altar of Dithmenos.
  2165 | D:2      | Reached XP level 5. HP: 42/42 MP: 5/5
  2231 | D:3      | Found a glowing drain.
  2309 | Sewer    | Entered a sewer
  2334 | Sewer    | Reached skill level 4 in Long Blades
  2413 | Sewer    | Noticed a big kobold
  2432 | Sewer    | Killed a big kobold
  2432 | Sewer    | Reached XP level 6. HP: 32/49 MP: 6/6
  3067 | D:4      | Reached skill level 5 in Shields
  3124 | D:4      | Reached skill level 5 in Long Blades
  3254 | D:4      | Found a burning altar of Makhleb.
  3316 | D:4      | Found a glowing silver altar of Zin.
  3316 | D:4      | Noticed an angel
  3317 | D:4      | Noticed an Executioner
  3344 | D:4      | Noticed an ogre
  3351 | D:4      | Killed an ogre
  3351 | D:4      | Reached skill level 5 in Fighting
  3351 | D:4      | Reached XP level 7. HP: 56/56 MP: 7/7
  3358 | D:4      | Found a bloodstained altar of Trog.
  3359 | D:4      | Noticed a wizard
  3365 | D:4      | Killed a wizard
  3446 | D:4      | Found a snail-covered altar of Cheibriados.
  3723 | D:5      | Entered Level 5 of the Dungeon
  3750 | D:5      | Found a shimmering altar of Xom.
  3902 | D:5      | Found a white marble altar of Elyvilon.
  3979 | D:5      | Reached skill level 6 in Long Blades
  4098 | D:5      | Reached XP level 8. HP: 60/63 MP: 8/8
  4476 | D:6      | Found a burning altar of Makhleb.
  4507 | D:6      | Reached skill level 7 in Long Blades
  4526 | D:6      | Noticed a green death
  4529 | D:6      | Noticed a ynoxinul
  4633 | D:6      | Found a staircase to the Ecumenical Temple.
  4665 | Temple   | Entered the Ecumenical Temple
  4694 | Temple   | Became a worshipper of Warmaster Okawaru
  4840 | D:6      | Found a runed door.
  4914 | D:6      | Noticed Crazy Yiuf
  4921 | D:6      | Killed Crazy Yiuf
  5112 | D:7      | Reached XP level 9. HP: 31/71 MP: 9/9
  5527 | D:7      | Reached skill level 8 in Long Blades
  5563 | D:7      | Found a deep blue altar of Sif Muna.
  5601 | D:7      | Identified Sif Muna's Reference Book on the Snowflakes
  5695 | D:7      | Noticed Menkaure
  5700 | D:7      | Killed Menkaure
  5700 | D:7      | Reached * piety under Okawaru
  6196 | D:8      | Noticed a manticore
  6197 | D:8      | Noticed a centaur warrior
  6203 | D:8      | Killed a manticore
  6203 | D:8      | Reached ** piety under Okawaru
  6203 | D:8      | Reached skill level 9 in Long Blades
  6208 | D:8      | Killed a centaur warrior
  6208 | D:8      | Reached XP level 10. HP: 40/80 MP: 10/10
  6242 | D:8      | Reached skill level 10 in Long Blades
  6517 | D:8      | Noticed Pikel
  6542 | D:8      | Killed Pikel
  6542 | D:8      | Reached *** piety under Okawaru
  6896 | D:8      | Noticed Psyche
  6915 | D:8      | Killed Psyche
  7231 | D:8      | Found a stormy altar of Qazlal.
  7325 | D:8      | Noticed Gastronok
  7349 | D:8      | Killed Gastronok
  7349 | D:8      | Reached **** piety under Okawaru
  7349 | D:8      | Reached skill level 11 in Long Blades
  7349 | D:8      | Reached XP level 11. HP: 38/89 MP: 11/11
  7704 | D:9      | Reached skill level 10 in Shields
  7887 | D:9      | Found a staircase to the Orcish Mines.
  8088 | D:9      | Noticed Maurice
  8102 | D:9      | Killed Maurice
  8102 | D:9      | Reached ***** piety under Okawaru
  8102 | D:9      | Reached skill level 1 in Invocations
  8605 | D:10     | Entered Level 10 of the Dungeon
  8674 | D:10     | Reached skill level 12 in Long Blades
  8694 | D:10     | Reached skill level 10 in Fighting
  9161 | D:10     | Received a gift from Okawaru
  9324 | D:10     | Noticed a hill giant
  9331 | D:10     | Killed a hill giant
  9644 | D:10     | Reached XP level 12. HP: 67/99 MP: 12/15
 10035 | D:11     | Reached skill level 5 in Invocations
 10076 | D:11     | Received a gift from Okawaru
 10076 | D:11     | Reached skill level 13 in Long Blades
 10275 | D:11     | Noticed Snorg
 10293 | D:11     | Killed Snorg
 10303 | D:11     | Found a flagged portal.
 10308 | Bailey   | Entered a bailey
 11215 | Bailey   | Found an iron altar of Okawaru.
 11858 | D:11     | Found a staircase to the Lair.
 12307 | Lair:1   | Entered Level 1 of the Lair of Beasts
 12568 | Lair:1   | Noticed a four-headed hydra
 12592 | D:11     | Got a steaming dire flail
 12593 | D:11     | Identified the +9 dire flail "Rummage" {venom, rC- MR+++ Str-4 SInv} (You found it on level 11 of the Dungeon)
 12619 | Lair:1   | Killed a four-headed hydra
 12619 | Lair:1   | Reached skill level 1 in Maces & Flails
 12696 | Lair:1   | Reached skill level 14 in Long Blades
 13587 | Lair:2   | Found a hole to the Spider Nest.
 13656 | Lair:2   | Reached XP level 13. HP: 76/107 MP: 18/18
 14079 | Lair:2   | Received a gift from Okawaru
 14732 | Lair:2   | Noticed a seven-headed hydra
 14741 | Lair:2   | Killed a seven-headed hydra
 14987 | Lair:2   | Noticed a four-headed hydra
 15211 | Lair:2   | Killed a four-headed hydra
 15341 | Lair:2   | Reached skill level 5 in Maces & Flails
 15612 | Lair:2   | Received a gift from Okawaru
 16090 | Lair:3   | Found a staircase to the Swamp.
 17778 | Lair:4   | Reached skill level 15 in Long Blades
 17849 | Lair:4   | Reached XP level 14. HP: 80/116 MP: 19/21
 18226 | Lair:4   | Noticed Josephine
 18230 | Lair:4   | Noticed Rupert
 18243 | Lair:4   | Killed Josephine
 18277 | Lair:4   | Reached skill level 10 in Invocations
 18281 | Lair:4   | Received a gift from Okawaru
 18293 | Lair:4   | HP: 3/116 [Rupert/battleaxe of chopping (41)]
 18293 | Lair:4   | Slain by Rupert

Vault maps used:
D:1:      lightli_arrival_noodles, lexackson_kobold_supper
D:2:      lemuel_doored_altar, nicolae_dithmenos_through_a_glass_darkly,
          first_bread
D:3:      gup_sewer_entry_glass
D:4:      grunt_temple_overflow_order_and_chaos_2,
          nicolae_overflow_crystal_walls, trog_wizard
D:5:      xom_butterflies, kennysheep_little_box, corexii_corridor_pit,
          minmay_misc_feat_iff
D:6:      makhleb_altar_promises_db, uniq_crazy_yiuf_cottage
D:7:      led_sif_book, uniq_menkaure
D:8:      minmay_bloctagon_deflated, marbit_many_paths, uniq_gastronok,
          uniq_pikel, uniq_psyche
D:9:      hiddenorc1_lemuel, uniq_maurice
D:10:     lemuel_slime
D:11:     lair_0_dummy, enter_bailey_3, uniq_snorg
Temple:   minmay_temple_bridge_abc
Lair:1:   hibernation_bobbens, grunt_megastairs_5
Lair:2:   spider_nest_entry_web_field
Lair:3:   swamp_mist, serial_bayou_shore_b
Lair:4:   kb_forest_paths, infiniplex_staircase_pool_2, uniq_rupert,
          uniq_josephine
Sewer:    sewer_co_15_rooms
Bailey:   bailey_axe_3, bailey

Skill      XL: |  1  2  3  4  5  6  7  8  9 10 11 12 13 14 |
---------------+-------------------------------------------+-----
Shields        | 4 5 6 8 9 10 | 10.0
Long Blades    | 3 4 5 6 7 9 11 12 14 15 | 15.5
Fighting       | 4 5 6 8 9 10 11 12 | 12.6
Invocations    | 4 7 9 10 | 10.0
Maces & Flails | 2 5 |  5.4
Armour         | |  3.2

Action                   |  1- 3 |  4- 6 |  7- 9 | 10-12 | 13-15 || total
-------------------------+-------+-------+-------+-------+-------++-------
Melee: Long sword        |   103 |   217 |   222 |   689 |   157 ||  1388
       Dire flail        |       |       |       |    41 |    10 ||    51
       Great sword       |       |       |       |       |   235 ||   235
Invok: Heroism           |       |       |       |    21 |     7 ||    28
 Abil: Dig               |       |     1 |     7 |    17 |    10 ||    35
       Evoke Flight      |       |       |       |     2 |       ||     2
Evoke: Wand              |       |     3 |       |       |     1 ||     4
  Use: Scroll            |       |    11 |     2 |     9 |     6 ||    28
       Potion            |       |       |     2 |     8 |     3 ||    13
 Stab: Paralysed         |       |     2 |       |       |       ||     2
       Distracted        |       |       |       |     1 |       ||     1
       Invisible         |       |       |       |     1 |       ||     1
  Eat: Chunk             |       |     9 |     9 |    24 |    16 ||    58
       Pizza             |       |       |       |     1 |     1 ||     2
Armor: Scale mail        |    49 |    63 |    62 |   153 |    86 ||   413
Dodge: Dodged            |    44 |    63 |    62 |   180 |    62 ||   411
Block: Shield            |    89 |   114 |   118 |   327 |   163 ||   811
       Rpst.: Long sword |    22 |    15 |    20 |    40 |     2 ||    99
       Great sword       |       |       |       |       |     7 ||     7
